Map: Lost and Found LE

Players

PtitDrogo - Winner!

  • Race: Protoss Protoss
  • Spawn Location: 1:00

Akelarre

  • Race: Protoss Protoss
  • Spawn Location: 7:00

Event: WCS Valencia 2018

VOD

Have the link to the VOD?

Description

Time

  • Played on: July 12, 2018, 6:20 a.m.
  • Length: 4:33

All games in this series

Show
View Real Time Build Order
Export as new Build Order

PtitDrogo Protoss - Winner!

Build Orders:  

Get SALT Encoding   

  12  0:00  Probe  
  13  0:12  Probe  
  14  0:21  Pylon  
  14  0:24  Probe  
  15  0:35  Probe  
  15  0:39  Gateway  
  16  0:43  Probe  
  16  0:48  Assimilator  
  17  0:53  Probe  
  17  0:56  Assimilator  
  18  1:01  Probe  
  18  1:06  Gateway  
  18  1:10  Probe  
  20  1:20  Probe  
  21  1:27  Cybernetics Core  
  21  1:32  Probe  
  21  1:36  Pylon  
  22  1:45  Probe  
  23  1:55  Adept  
  23  2:03  Adept  
  23  2:04  Shield Battery  
  23  2:05  Shield Battery  
  27  2:09  Shield Battery  
  27  2:16  Pylon  
  27  2:34  Stalker  
  27  2:41  Stalker  
  30  3:07  Stalker  
  31  3:20  Probe  
  31  3:25  Adept  
  34  3:31  Pylon  
  34  3:43  Adept  
  36  3:50  Probe  
  36  3:52  Adept  
  36  3:54  Gateway  
  41  4:19  Pylon  
  43  4:26  Twilight Council  
Show
View Real Time Build Order
Export as new Build Order

Akelarre Protoss 

Build Orders:  

Get SALT Encoding   

  12  0:01  Probe  
  13  0:13  Probe  
  14  0:28  Probe  
  15  0:36  Pylon  
  15  0:38  Pylon  
  15  0:42  Assimilator  
  16  0:58  Gateway  
  16  1:00  Gateway  
  16  1:08  Gateway  
  15  1:18  Gateway  
  15  1:21  Probe  
  16  1:35  Probe  
  16  1:37  Zealot  
  16  1:38  Zealot  
  21  1:55  Zealot  
  23  2:03  Zealot  
  23  2:05  Zealot  
  23  2:06  Zealot  
  29  2:22  Zealot  
  31  2:33  Zealot  
  31  2:34  Zealot  
  31  2:49  Zealot  
  31  2:52  Zealot  
  31  2:54  Pylon  
  31  2:55  Zealot  
  29  3:06  Zealot  
  29  3:12  Zealot  
  31  3:19  Zealot  
  35  3:20  Zealot  
  31  3:33  Zealot x2  
  33  3:47  Zealot x2  
  33  4:00  Zealot  
  31  4:08  Probe  
  30  4:20  Probe  
Tags
 
Add a new tag
Caveats
  • Supply blocks, unpowered buildings, or Contaminate may cause inaccurate times.
  • Supply counts are checked every 10 seconds.